 Dungeon Crawl Stone Soup version 0.24-a0-203-gf0bc1e9 (webtiles) character file.

Game seed: 4931044936712153670

182 Borgoz the Cutter (level 5, -12/31 HPs)
             Began as a Kobold Gladiator on Mar 26, 2019.
             Mangled by an ogre
             ... wielding a +0 giant club
              (18 damage)
             ... while paralysed by Grinder
             ... on level 4 of the Dungeon.
             The game lasted 00:06:10 (3388 turns).

Borgoz the Cutter (Kobold Gladiator)                Turns: 3388, Time: 00:06:11

Health: -12/31     AC:  5    Str: 12    XL:     5   Next: 93%
Magic:  5/5        EV:  3    Int: 10    God:
Gold:   161        SH:  0    Dex: 16    Spells: 2/4 levels left

rFire    . . .     SeeInvis .   a - +2 dagger (speed)
rCold    . . .     Gourm    .   (shield restricted)
rNeg     + . .     Faith    .   v - +0 leather armour
rPois    .         Spirit   .   c - +0 helmet
rElec    .         Reflect  .   m - +0 cloak
rCorr    .         Harm     .   (no gloves)
MR       .....                  (no boots)
Stlth    +.........             (no amulet)
HPRegen  0.10/turn              r - ring of positive energy
MPRegen  0.09/turn              (no ring)

@: paralysed
A: small, carnivore
a: no special abilities


You were on level 4 of the Dungeon.
You were very full.

You visited 1 branch of the dungeon, and saw 4 of its levels.

You collected 161 gold pieces.

Inventory:

Hand Weapons
 a - a +2 dagger of speed (weapon)
 b - a +0 blowgun
 g - a +0 rapier
Missiles
 d - 3 throwing nets (quivered)
 w - 22 poisoned needles
Armour
 c - a +0 helmet (worn)
 m - a +0 cloak (worn)
 v - a +0 leather armour (worn)
Jewellery
 r - a ring of positive energy (left hand)
Wands
 j - a wand of enslavement (4)
Scrolls
 e - 2 scrolls of remove curse
 h - 2 scrolls of fog {unknown}
 i - a scroll of teleportation {unknown}
 k - 5 scrolls of identify {unknown}
 l - a scroll of amnesia {unknown}
 n - a scroll of enchant weapon {unknown}
 p - a scroll of magic mapping {unknown}
Potions
 o - 3 potions of flight {unknown}
 q - a potion of ambrosia {unknown}
 s - a potion of mutation {unknown}
 t - a potion of curing {unknown}
 u - a potion of might {unknown}
Comestibles
 f - 11 rations


   Skills:
 + Level 2.4 Fighting
 + Level 5.1 Short Blades
 + Level 2.4 Throwing
 * Level 2.6 Armour
 + Level 4.7 Dodging
 + Level 0.4 Translocations
 + Level 0.8 Evocations


You had 2 spell levels left.
You knew the following spells:

 Your Spells              Type           Power        Failure   Level  Hunger
a - Blink                 Tloc           N/A          52%         2    ###....

Your spell library contained the following spells:

 Spells                   Type           Power        Failure   Level  Hunger
 Magic Dart               Conj           #...         43%         1    ##.....
 Call Imp                 Summ           #.......     58%         2    ###....
 Slow                     Hex            #.......     58%         2    ###....
 Conjure Flame            Conj/Fire      #.......     82%         3    ####...
 Mephitic Cloud           Conj/Pois/Air  #.......     82%         3    ####...


Dungeon Overview and Level Annotations

Branches:
Dungeon (4/15)
 Temple: D:4-7

Altars:

Annotations:
D:3 1 runed translucent door, Borgoz's ghost, amateur KoHu
D:4 Grinder


Innate Abilities, Weirdness & Mutations

You are small and have problems with some larger weapons.
You are carnivorous and can eat meat at any time.


Message History

You hit Grinder.
Grinder is lightly wounded.
Grinder gestures at you.
You suddenly lose the ability to move!
The ogre barely misses you. Grinder gestures at you.
Pain shoots through your body! The ogre completely misses you.
Grinder hits you but does no damage. The ogre hits you with a +0 giant club!
* * * LOW HITPOINT WARNING * * *
Grinder gestures at you. You resist with significant effort. Grinder hits you.
* * * LOW HITPOINT WARNING * * *
The ogre completely misses you. Grinder gestures at you.
Pain shoots through your body!
* * * LOW HITPOINT WARNING * * *
The ogre hits you with a +0 giant club!!
Ouch! That really hurt!
You die...

#.#.# ## .#.# .# ..
...# .# .. ..# .# .##
..# .# ..# #.# ###.#
..# #.# #(..#
..####.########.#.#.#
.......#...<....@5..#
.............!...O###
.....##########.###
.##### #.# .# #$# .#
#.# .# #.# .# ..#


You could see Grinder and an ogre.

Vanquished Creatures
  A jelly (D:4)
  A hound (D:4)
  Ijyb (D:3)
  A hound skeleton (D:2)
  A worker ant zombie (D:2)
  An adder (D:2)
  An adder zombie (D:2)
  An adder skeleton (D:2)
  3 worms
  A dart slug (D:1)
  A leopard gecko (D:2)
  An orc (D:3)
  A bat skeleton (D:2)
  A bat zombie (D:2)
  2 giant cockroaches
  3 hobgoblins
  8 jackals
  A quokka (D:2)
  5 bats
  A frilled lizard (D:4)
  3 goblins
  4 kobolds
  7 rats
  A withered plant (D:2)
51 creatures vanquished.

Vanquished Creatures (others)
  A withered plant (D:3)
1 creature vanquished.

Grand Total: 52 creatures vanquished

Notes
Turn   | Place    | Note
-------+----------+-------------------------------------------
     0 | D:1      | Borgoz the Kobold Gladiator began the quest for the Orb.
     0 | D:1      | Reached XP level 1. HP: 12/12 MP: 1/1
   311 | D:1      | Reached XP level 2. HP: 17/17 MP: 2/2
   396 | D:1      | Reached skill level 1 in Armour
  1005 | D:2      | Reached XP level 3. HP: 17/21 MP: 3/3
  1260 | D:2      | Reached XP level 4. HP: 25/26 MP: 4/4
  1855 | D:3      | Noticed Ijyb
  1920 | D:3      | Killed Ijyb
  1920 | D:3      | Reached XP level 5. HP: 22/30 MP: 5/5
  2382 | D:3      | Reached skill level 5 in Short Blades
  2685 | D:3      | Found a runed translucent door.
  2686 | D:3      | Noticed Borgoz's ghost (amateur KoHu)
  3109 | D:4      | Learned a level 2 spell: Blink
  3376 | D:4      | Noticed Grinder
  3378 | D:4      | Noticed an ogre
  3382 | D:4      | Paralysed by Grinder for 7 turns
  3388 | D:4      | Mangled by an ogre

Levels and vault maps discovered:
D:1:      shiori_arrival_oz, layout_basic
D:2:      layout_basic, serial_undead, serial_undead_f, serial_undead_f,
          serial_undead_b, serial_undead_b
D:3:      layout_basic, first_ration, gammafunk_ghost_grave, uniq_ijyb
D:4:      layout_loops_ring, nicolae_gozag_seed_capital, uniq_grinder

Skill      XL: |  1  2  3  4  5 |
---------------+----------------+-----
Armour         | 1 2 |  2.6
Dodging        | 4 |  4.7
Short Blades   | 5 |  5.1
Fighting       | |  2.4
Throwing       | |  2.4
Translocations | |  0.4
Evocations     | |  0.8

Action                   |  1- 3 |  4- 6 || total
-------------------------+-------+-------++-------
Melee: Rapier            |   115 |       ||   115
       Dagger            |    15 |   185 ||   200
  Use: Scroll            |       |     2 ||     2
       Potion            |       |     1 ||     1
 Stab: Sleeping          |     1 |       ||     1
  Eat: Chunk             |     7 |     8 ||    15
Armor: Leather armour    |    24 |    19 ||    43
Dodge: Dodged            |    91 |    89 ||   180

Table legend:
 A = Non-vault XP
 B = Vault XP
 C = Vault XP percentage of total XP
 D = Non-vault monster count
 E = Vault monster count
 F = Vault count percentage of total count
                 A         B        C        D         E       F
            +---------+---------+-------+---------+---------+-------
      Total |     176 |      85 |  32.6 |      42 |       8 |  16.0
            +---------+---------+-------+---------+---------+-------
        D:1 |      23 |       1 |   4.2 |      13 |       1 |   7.1
        D:2 |      42 |      49 |  53.8 |      14 |       6 |  30.0
        D:3 |      25 |      35 |  58.3 |      12 |       1 |   7.7
        D:4 |      86 |       0 |   0.0 |       3 |       0 |   0.0
            +---------+---------+-------+---------+---------+-------
